 Dungeon Crawl Stone Soup version 0.29-a0-222-g5b244fca1f (webtiles) character file.

Game seed: 5302644164643481460

4265 dolemite99 the Conjurer (level 10, -5/65 (70) HPs)
             Began as a Demonspawn Cinder Acolyte on Feb 28, 2022.
             Was an Initiate of Gozag.
             Slain by a fire elemental (11 damage)
             ... created by the fiery vengeance of Ignis
             ... on level 7 of the Dungeon.
             The game lasted 00:31:45 (17590 turns).

dolemite99 the Conjurer (DsCA)                     Turns: 17590, Time: 00:31:46

HP:   -5/65 (70)    AC:  9    Str: 16    XL:     10   Next: 10%
MP:   19/19         EV: 16    Int: 30    God:    Gozag
Gold: 339           SH:  0    Dex: 14    Spells: 6/21 levels left

rFire   . . .      SeeInvis .   M - +2 shortbow (freeze)
rCold   . . .      Faith    .   (shield currently unavailable)
rNeg    . . .      Spirit   .   m - +2 leather armour {rF+}
rPois   .          Reflect  .   (helmet restricted)
rElec   .          Harm     .   (no cloak)
rCorr   .          Rampage  .   e - +0 pair of gloves
Will    .....                   q - +2 pair of boots "Xeymuecair" {Int+7}
Stlth   +.........              (no amulet)
HPRegen 0.20/turn               G - +4 ring of evasion
MPRegen 0.16/turn               u - +6 ring of dexterity

@: confused, drained, fire susceptible
A: antennae 1, demonic guardian 1, powered by death 1, big brain 2
a: Renounce Religion, Potion Petition, Call Merchant, Bribe Branch


You were on level 7 of the Dungeon.
You worshipped Gozag.
Gozag was aware of your devotion.
You visited 2 branches of the dungeon, and saw 9 of its levels.

You collected 529 gold pieces.
You paid 190 gold pieces to Gozag.

Inventory:

Hand Weapons
 a - a +0 hand crossbow of flaming
 b - a +4 spear
 j - a +2 dagger of freezing
 r - a -1 hand axe of flaming
 t - a +1 short sword of venom
 v - a +0 hunting sling
 B - a +0 hunting sling
 M - a +2 shortbow of freezing (weapon)
 O - a +5 war axe
Missiles
 d - 189 stones
 s - 10 boomerangs
 A - 10 poisoned darts
 I - 3 throwing nets
 L - 5 datura-tipped darts
Armour
 e - a +0 pair of gloves (worn)
 f - a +0 helmet
 m - a +2 leather armour of fire resistance (worn)
 q - the +2 pair of boots "Xeymuecair" (worn) {Int+7}
   (You acquired it on level 4 of the Dungeon)

   Int:       It affects your intelligence (+7).
 J - +0 steam dragon scales
 N - +0 steam dragon scales
Magical Staves
 c - a staff of poison
 i - a staff of poison
 C - a staff of conjuration
Jewellery
 u - a +6 ring of dexterity (right hand)
 y - a ring of ice
 G - a +4 ring of evasion (left hand)
 P - a +4 ring of evasion
Scrolls
 g - a scroll of silence
 k - a scroll of vulnerability
 w - 3 scrolls of noise
 E - a scroll of amnesia
 H - a scroll of fear {unknown}
Potions
 h - a potion of mutation {unknown}
 l - a potion of lignification
 n - a potion of attraction {unknown}
 o - a potion of berserk rage {unknown}
 p - 2 potions of flight {unknown}
 x - a potion of heal wounds {unknown}
 z - 6 potions of curing
 D - 2 potions of resistance {unknown}
 F - a potion of invisibility {unknown}
 K - 2 potions of cancellation {unknown}


   Skills:
 + Level 3.2 Fighting
 - Level 4.0 Axes
 + Level 2.3 Dodging
 - Level 6.1 Spellcasting
 - Level 7.4 Conjurations
 - Level 3.7 Fire Magic
 - Level 5.1 Air Magic
 - Level 7.0 Poison Magic


You had 6 spell levels left.
You knew the following spells:

 Your Spells              Type           Power      Damage    Failure   Level
a - Magic Dart            Conj           100%       1d8       1%          1
b - Scorch                Fire           62%        2d8       1%          2
c - Poisonous Vapours     Pois/Air       90%        N/A       1%          2
d - Mephitic Cloud        Conj/Pois/Air  48%        N/A       1%          3
e - Blink                 Tloc           18%        N/A       10%         2
f - Teleport Other        Tloc           9%         N/A       19%         3
g - Call Imp              Summ           9%         N/A       10%         2

Your spell library contained the following spells:

 Spells                   Type           Power      Damage    Failure   Level
 Corpse Rot               Necr/Air       48%        N/A       3%          2
 Dazzling Flash           Conj/Hex       62%        N/A       4%          3
 Freeze                   Ice            36%        1d6       6%          1
 Confusing Touch          Hex            9%         N/A       19%         3
 Gell's Gravitas          Tloc           9%         N/A       19%         3
 Lesser Beckoning         Tloc           9%         N/A       19%         3
 Portal Projectile        Hex/Tloc       18%        N/A       19%         3
 Dispel Undead            Necr           9%         3d8       54%         4
 Summon Ice Beast         Ice/Summ       9%         N/A       54%         4
 Blade Hands              Tmut           4%         N/A       87%         5
 Excruciating Wounds      Necr           4%         N/A       87%         5
 Manifold Assault         Tloc           9%         N/A       87%         5
 Yara's Violent Unravell  Hex/Tmut       4%         3d4       87%         5
 Death Channel            Necr           4%         N/A       100%        6
 Enfeeble                 Hex            4%         N/A       100%        7


Dungeon Overview and Level Annotations

Branches:
Dungeon (8/15)             Temple (1/1) D:6
   Lair: D:8-11

Altars:
Ashenzari
Cheibriados
Dithmenos
Elyvilon
Fedhas
Gozag
Hepliaklqana
Kikubaaqudgha
Makhleb
Nemelex Xobeh
Okawaru
Qazlal
Ru
Sif Muna
Trog
Uskayaw
Vehumet
Wu Jian
Xom
Yredelemnul
The Shining One

Annotations:
D:8 3 runed translucent doors


Innate Abilities, Weirdness & Mutations

You have a pair of small antennae on your head.
A weak demonic guardian rushes to your aid.
You regenerate a little health from kills.
You have an extremely huge brain. (Int +4)


Message History

The wight's fire resistance burns away.
The wight misses you. The wight misses you.
The wight hits you with a +3 falchion.
A demonic guardian appears!
The wight barely misses you. The wight hits you with a +3 falchion!
You feel drained.
Your white imp hits the wight but does no damage.
You climb upwards.
Your summoned ally is left behind.
There is a stone staircase leading down here.
The wight is no longer more vulnerable to fire.
Casting: Scorch (safe; 1% risk of failure)
Confirm with . or Enter, or press ? or * to list all spells.
Flames lash the wight.
You destroy the wight!
The wight closely misses you. The wight closely misses you.
Casting: Scorch (safe; 1% risk of failure)
Confirm with . or Enter, or press ? or * to list all spells.
Flames lash the wight.
You destroy the wight!
You start resting.
Magic restored.
You start resting. "My hands, my teeth, my burning tears: these will never betray me!"
The divine experience confuses you!
You are confused. 2 fire elementals come into view.
There are monsters nearby!
There are monsters nearby!
You bump into the rock wall.
You bump into the rock wall.
The fire elemental hits you. The fire elemental burns you!
You clumsily bash the fire elemental but do no damage.
The fire elemental hits you. The fire elemental burns you!
The fire elemental hits you. The fire elemental burns you!
* * * LOW HITPOINT WARNING * * *
A demonic guardian appears!
The fire elemental hits you. The fire elemental burns you!
* * * LOW HITPOINT WARNING * * *
The fire elemental hits you. The fire elemental burns you!
You die...
Your body crumbles into a pile of gold.

..........#
##..# #.#
.......####
#..# #.#
.......# #..#
#.# .......#
#..# #.#
.......# ##>#
#.# ########
#.# #.# #○#
#.# #E# #.#
#@# #.# #E#
#.# #4# #.#
#.# #.##
#########..##
#.......##..#
#.###...###.#
#.#.#._.....#
#.###...#####


You could see 2 fire elementals and a friendly ice devil (summoned).

Vanquished Creatures
  Harold (D:8)
  Maggie (D:8)
  2 steam dragons
  Edmund (D:6)
  A black bear (D:6)
  An ice beast (D:6)
  2 orc warriors
  A necrophage (D:5)
  A sky beast (D:8)
  4 ogres
  2 centaurs
  A phantom (D:4)
  A kobold brigand (D:6)
  2 scorpions (D:6)
  A water moccasin zombie (D:6)
  13 killer bees
  2 wights (D:7)
  3 bullfrog zombies (D:6)
  5 jellies
  5 hounds
  A gnoll shaman (D:5)
  4 iguanas
  2 orc wizards
  A killer bee zombie (D:6)
  10 gnolls
  7 adders
  A shadow imp (D:7)
  A white imp (D:5)
  A worm (D:3)
  3 dart slugs
  21 orcs
  6 bats
  8 endoplasms
  5 giant cockroaches
  5 goblins
  9 hobgoblins
  11 jackals
  11 kobolds
  A quokka (D:4)
  6 ball pythons
  3 frilled lizards
  13 rats
  A foxfire (D:7)
181 creatures vanquished.

Vanquished Creatures (collateral kills)
  A centaur zombie (D:6)
  A gnoll (D:5)
  An orc (D:7)
  A hobgoblin (D:2)
4 creatures vanquished.

Vanquished Creatures (others)
  A wizard (D:7)
  94 foxfires
95 creatures vanquished.

Grand Total: 280 creatures vanquished

Notes
Turn   | Place    | Note
-------+----------+-------------------------------------------
     0 | D:1      | dolemite99 the Demonspawn Cinder Acolyte began the quest
                  | for the Orb.
     0 | D:1      | Reached XP level 1. HP: 18/18 MP: 2/2
   390 | D:1      | Gained mutation: You have an unusually large brain. (Int
                  | +2) [demonic ancestry]
   390 | D:1      | Reached XP level 2. HP: 24/24 MP: 3/3
   403 | D:1      | Learned a level 2 spell: Scorch
  1225 | D:1      | Gained mutation: A weak demonic guardian rushes to your
                  | aid. [demonic ancestry]
  1225 | D:1      | Reached XP level 3. HP: 28/29 MP: 4/4
  2630 | D:2      | Gained mutation: You have a pair of small antennae on your
                  | head. [demonic ancestry]
  2630 | D:2      | Reached XP level 4. HP: 26/35 MP: 1/5
  2982 | D:2      | Learned a level 1 spell: Magic Dart
  3266 | D:3      | Found a faded altar of an unknown god.
  3306 | D:3      | Reached skill level 1 in Conjurations
  3863 | D:3      | Reached XP level 5. HP: 41/41 MP: 3/6
  4117 | D:3      | Learned a level 2 spell: Blink
  4392 | D:3      | Learned a level 2 spell: Call Imp
  5055 | D:4      | Found a hide-covered altar of Uskayaw.
  5266 | D:4      | Noticed a phantom
  5282 | D:4      | Killed a phantom
  5283 | D:4      | Gained mutation: You have an extremely huge brain. (Int +4)
                  | [demonic ancestry]
  5283 | D:4      | Reached XP level 6. HP: 22/47 MP: 1/7
  5838 | D:4      | Identified a scroll of acquirement
  5838 | D:4      | Acquired the +2 pair of boots "Xeymuecair" {Int+7}
  7003 | D:4      | Found a shadowy altar of Dithmenos.
  7077 | D:5      | Entered Level 5 of the Dungeon
  7077 | D:5      | Found an ancient bone altar of Kikubaaqudgha.
  7190 | D:5      | Reached XP level 7. HP: 45/52 MP: 5/12
  7230 | D:5      | Learned a level 3 spell: Mephitic Cloud
  7973 | D:5      | Paralysed by an orc for 5 turns
  8082 | D:5      | Reached skill level 5 in Spellcasting
  9007 | D:6      | Learned a level 2 spell: Blink
  9015 | D:6      | Learned a level 3 spell: Teleport Other
  9165 | D:6      | Reached XP level 8. HP: 58/58 MP: 14/17
  9707 | D:6      | Reached skill level 5 in Conjurations
 10228 | D:6      | Found a staircase to the Ecumenical Temple.
 10284 | D:6      | Got Sif Muna's Collected Works on Lethal Cold
 10305 | Temple   | Entered the Ecumenical Temple
 10813 | D:6      | Noticed Edmund
 10848 | D:6      | Killed Edmund
 11500 | D:6      | Found a basalt altar of Yredelemnul.
 11670 | D:7      | Reached skill level 1 in Poison Magic
 11681 | D:6      | Reached XP level 9. HP: 35/63 MP: 3/18
 12206 | D:6      | Reached skill level 1 in Air Magic
 14338 | D:7      | Reached skill level 5 in Air Magic
 14869 | D:7      | Learned a level 2 spell: Poisonous Vapours
 15686 | D:7      | Found a bloodstained altar of Trog.
 15687 | D:7      | Noticed a wizard
 15693 | D:7      | Killed a wizard
 15908 | D:8      | Noticed Maggie
 15919 | D:8      | Killed Maggie
 16087 | D:8      | Noticed Harold
 16291 | Temple   | Fell from the grace of Ignis
 16291 | Temple   | Became a worshipper of Gozag Ym Sagoz the Greedy
 16404 | D:8      | Reached skill level 5 in Poison Magic
 16873 | D:8      | Found a runed translucent gate.
 16874 | D:8      | Found a runed translucent gate.
 16874 | D:8      | Found an opulent altar of Gozag.
 16875 | D:8      | Found a runed translucent gate.
 16935 | D:8      | Killed Harold
 16936 | D:8      | Gained mutation: You regenerate a little health from kills.
                  | [demonic ancestry]
 16936 | D:8      | Reached XP level 10. HP: 48/70 MP: 15/19
 17590 | D:7      | Slain by a fire elemental

Illustrated notes

Levels and vault maps discovered:
D:1:      dpeg_arrival_solitude, layout_basic, minivault_26, minmay_3d_cube
D:2:      layout_loops_ring
D:3:      layout_basic, nicolae_ecumenical_oubliette
D:4:      layout_basic, lemuel_tele_altar, eat_drink_and_be_merry_uskayaw
D:5:      nicolae_cairo_tiling_very_big, layout_cave_pools,
          mainiacjoe_overflow_cross_hatched, minmay_misc_feat_enclosed,
          minmay_fractal_squares_diagonal_5
D:6:      layout_loops_ring, nicolae_yredelemnul_corpse_copse,
          minmay_temple_entry_trees, lightli_orcish_oven, uniq_edmund
D:7:      layout_basic, trog_wizard
D:8:      layout_gridville, zin_statuary, ebering_ghost_gozag,
          grunt_decor_resistance, uniq_maggie, uniq_harold, uniq_psyche
Temple:   regret_index_temple_sphere_string

Skill      XL: |  1  2  3  4  5  6  7  8  9 10 |
---------------+-------------------------------+-----
Axes           | 3 4 |  4.0
Fire Magic     | 3 |  3.7
Conjurations   | 1 3 4 7 |  7.4
Spellcasting   | 3 6 |  6.1
Dodging        | 2 |  2.3
Poison Magic   | 2 6 7 |  7.0
Air Magic      | 5 |  5.1
Fighting       | |  3.2

Action                   |  1- 3 |  4- 6 |  7- 9 | 10-12 || total
-------------------------+-------+-------+-------+-------++-------
Melee: Hand axe          |    34 |    37 |    81 |       ||   152
       Dagger            |     3 |       |     9 |       ||    12
       Punch             |       |       |     2 |       ||     2
       Shortbow          |       |       |       |     1 ||     1
 Fire: Hunting sling     |    79 |       |       |       ||    79
       Hand crossbow     |       |    23 |    23 |       ||    46
       Shortbow          |       |       |    16 |    11 ||    27
Throw: Stone             |    11 |       |    17 |       ||    28
       Dart              |       |       |    15 |       ||    15
 Cast: Scorch            |    12 |    29 |    97 |     9 ||   147
       Magic Dart        |       |    14 |    70 |     1 ||    85
       Mephitic Cloud    |       |       |    25 |     2 ||    27
       Call Imp          |       |       |     2 |       ||     2
       Poisonous Vapours |       |       |     6 |     3 ||     9
       Teleport Other    |       |       |     1 |       ||     1
       Blink             |       |       |     1 |       ||     1
Invok: Fiery Armour      |     1 |       |     1 |       ||     2
       Foxfire Swarm     |       |     4 |     4 |       ||     8
       Rising Flame      |       |       |     1 |       ||     1
Evoke: Wand              |       |       |     6 |       ||     6
  Use: Scroll            |     5 |    10 |     5 |       ||    20
       Potion            |       |       |     7 |       ||     7
 Stab: Paralysed         |       |       |     9 |       ||     9
       Confused          |       |       |     5 |       ||     5
Armor: Robe              |     6 |       |       |       ||     6
       Leather armour    |    33 |    19 |    81 |     6 ||   139
       Skin              |       |       |    63 |       ||    63
Dodge: Dodged            |    61 |    31 |   167 |     8 ||   267

Table legend: (Time is in decaauts)
 A = Elapsed time spent in this place.
 B = Non-inter-level travel time spent in this place.
 C = Inter-level travel time spent in this place.
 D = Time resting spent in this place.
 E = Time spent auto-exploring this place.
 F = Levels seen in this place.
 G = Mean time per level.
                   A        B        C        D        E       F      G
               +--------+--------+--------+--------+--------+-----+--------+
         Total |  17696 |  17219 |    477 |  10284 |   4787 |   9 | 1966.2 |
       Dungeon |  17366 |  16917 |    449 |  10135 |   4673 |   8 | 2170.8 |
        Temple |    329 |    301 |     28 |    149 |    114 |   1 |  329.0 |
               +--------+--------+--------+--------+--------+-----+--------+

Top non-repeatable levels by time:
     D:6: 4723 daAuts
     D:7: 2567 daAuts
     D:4: 2074 daAuts
     D:5: 1931 daAuts
     D:1: 1745 daAuts
     D:3: 1728 daAuts
     D:2: 1585 daAuts
     D:8: 1010 daAuts
  Temple: 329 daAuts
